 Dungeon Crawl Stone Soup version 0.30-a0-335-ge5acde7520 (webtiles) character file.

Game seed: 9902207220747878660

746 purpskrrrp the Cleaver (level 7, -7/90 HPs)
             Began as a Hill Orc Fighter on Oct 30, 2022.
             Was a Believer of Beogh.
             Killed from afar by an orc wizard (11 damage)
             ... with a puff of flame
             ... on level 4 of the Dungeon.
             The game lasted 00:08:12 (4168 turns).

purpskrrrp the Cleaver (Hill Orc Fighter)           Turns: 4168, Time: 00:08:12

Health: -7/90      AC: 23    Str: 21    XL:     7   Next: 77%
Magic:  8/8        EV:  2    Int:  8    God:    Beogh [**....]
Gold:   350        SH:  5    Dex: 16    Spells: 6/6 levels left

rFire   . . .      SeeInvis .    a - +0 war axe
rCold   . . .      Faith    .    c - +0 buckler
rNeg    . . .      Spirit   .    (body armour currently unavailable)
rPois   +          Reflect  .    (helmet currently unavailable)
rElec   .          Harm     .    (cloak currently unavailable)
rCorr   .          Rampage  .    (gloves currently unavailable)
Will    .....      NoTele   +    (boots currently unavailable)
Stlth   +.........               (no amulet)
HPRegen 0.35/turn                f - +4 ring of evasion
MPRegen 0.11/turn                r - +6 ring of dexterity

@: tree-form, hasted, very quick
A: stationary, stasis, torment immunity, boosted hp
a: Renounce Religion, Smiting


You were on level 4 of the Dungeon.
You worshipped Beogh.
Beogh was pleased with you.
You were a tree.
You visited 1 branch of the dungeon, and saw 5 of its levels.
You also visited: Sewer.

You collected 350 gold pieces.

Inventory:

Hand Weapons
 a - a +0 war axe (weapon)
Armour
 b - a +0 scale mail
 c - a +0 buckler (worn)
 m - a +2 ring mail of willpower (melded)
 n - a +1 pair of boots (melded)
Jewellery
 f - a +4 ring of evasion (left branch)
 j - a ring of magical power
 k - a ring of ice
 p - a ring of magical power
 r - a +6 ring of dexterity (right branch)
 w - a ring of protection from cold
Wands
 q - a wand of roots (12)
 x - a wand of charming (13)
Scrolls
 o - 2 scrolls of teleportation
 u - a scroll of magic mapping
Potions
 d - a potion of might
 e - a potion of attraction
 h - a potion of brilliance
 i - 3 potions of invisibility
 l - 3 potions of resistance
 t - a potion of magic {unknown}


   Skills:
 + Level 4.7 Fighting
 * Level 9.1 Axes
 + Level 4.7 Armour
 + Level 4.1 Shields
 * Level 2.3 Invocations


You had 6 spell levels left.
You didn't know any spells.
Your spell library contained the following spells:

 Spells                   Type           Power      Damage    Failure   Level
 Beastly Appendage        Tmut           0%         N/A       50%         1
 Magic Dart               Conj           0%         1d3       50%         1
 Call Imp                 Summ           0%         N/A       63%         2
 Wereblood                Tmut           0%         N/A       63%         2
 Inner Flame              Hex/Fire       0%         N/A       86%         3
 Mephitic Cloud           Conj/Pois/Air  0%         N/A       86%         3
 Spider Form              Tmut/Pois      0%         N/A       86%         3
 Flame Wave               Conj/Fire      0%         2d4       99%         4
 Sticky Flame             Conj/Fire      0%         2d3       99%         4


Dungeon Overview and Level Annotations

Branches:
Dungeon (5/15)              Sewer (visited)
 Temple: D:4-7

Altars:
Qazlal
Sif Muna


Message History

You are too injured to fight recklessly!
You are too injured to fight recklessly!
You are too injured to fight recklessly!
You are too injured to fight recklessly!
You are too injured to fight recklessly!
You are too injured to fight recklessly!
You are too injured to fight recklessly!
You are too injured to fight recklessly!
You are too injured to fight recklessly!
You are too injured to fight recklessly!
You are too injured to fight recklessly!
You are too injured to fight recklessly!
You are too injured to fight recklessly!
You are too injured to fight recklessly!
You are too injured to fight recklessly!
You are too injured to fight recklessly!
You are too injured to fight recklessly!
Okay, then.
Okay, then.
Okay, then.
The centaur shoots an arrow.
The arrow closely misses you.
The arrow barely misses the orc priest.
The orc priest barely misses you.
There is a stone staircase leading up here.
The centaur shoots an arrow.
The arrow hits you.
* * * LOW HITPOINT WARNING * * *
You climb upwards.
Reactivating autopickup.
There is a stone staircase leading down here.
It was a potion of lignification.
You turn into a tree.
Your +1 pair of boots melds into your body.
Your +2 ring mail of willpower melds into your body.
You feel less strong-willed.
Your roots penetrate the ground.
You hear some strange, mumbled words.
A magic dart appears from out of thin air!
Deactivating autopickup; reactivate with Ctrl-A.
The magic dart hits you but does no damage.
The orc wizard points at you and mumbles some strange words.
The puff of flame hits you!
You die...
Beogh appreciates the orc wizard's killing of a heretic priest.

##....# ≈§≈#.##.# #..##.###.
#.#..#≈>.≈#.##.# ##.#......
#.##.#≈8_≈#.##.# ##...##.##
#.##.#≈≈≈≈#.#..# ##.#.#....
#.##.######....# #..#...##.
#.##...........# ##.#.#.#..
#.#######..#...########...#...#
#.########.#..o.......#.#.#.#..
#..........#.o♣{........#...##.
############.#.########.#.#....
#.#.# ##...##.## #.#.#
##.#...... #.#.# #..##.###.
#.#.########........
#..........##.###.##
######...###########
###'######.....


You could see an orc priest and an orc wizard.

Vanquished Creatures
  Grinder (D:3)
  The ghost of p00ps00p the Trooper, an amateur HOFi (D:3)
  An ogre (D:4)
  A bullfrog (Sewer)
  2 iguanas (D:4)
  2 orc wizards (D:4)
  A gnoll (D:4)
  5 adders
  An ufetubus (D:4)
  A worm (D:2)
  2 dart slugs (D:1)
  8 orcs
  19 ball pythons
  3 bats
  12 endoplasms
  9 giant cockroaches
  7 goblins
  8 hobgoblins
  9 kobolds
  21 quokkas
  12 frilled lizards
  8 rats
134 creatures vanquished.

Vanquished Creatures (others)
  An orc priest (D:3)
  A hobgoblin (D:3)
  2 withered plants (D:3)
4 creatures vanquished.

Grand Total: 138 creatures vanquished

Notes
Turn   | Place    | Note
-------+----------+-------------------------------------------
     0 | D:1      | purpskrrrp the Hill Orc Fighter began the quest for the
                  | Orb.
     0 | D:1      | Reached XP level 1. HP: 19/19 MP: 1/1
    64 | D:1      | Reached XP level 2. HP: 27/27 MP: 2/2
    86 | D:1      | Reached skill level 3 in Axes
   283 | D:1      | Reached XP level 3. HP: 33/33 MP: 3/3
   288 | D:1      | Found a faded altar of an unknown god.
   655 | D:2      | Reached skill level 4 in Axes
   730 | D:2      | Reached XP level 4. HP: 40/40 MP: 4/4
  1391 | D:3      | Noticed Grinder
  1411 | D:3      | Killed Grinder
  1412 | D:3      | Reached skill level 6 in Axes
  1412 | D:3      | Reached XP level 5. HP: 18/47 MP: 5/5
  1412 | D:3      | Reached XP level 6. HP: 21/53 MP: 6/6
  1803 | D:3      | Became a worshipper of Beogh the Brigand
  1823 | D:3      | Found a shimmering blue altar of Sif Muna.
  2074 | D:3      | Reached skill level 7 in Axes
  2134 | D:3      | Found a runed translucent door.
  2135 | D:3      | Noticed p00ps00p's ghost (amateur HOFi)
  2638 | D:3      | Killed p00ps00p's ghost
  2900 | D:4      | Reached skill level 1 in Invocations
  2965 | D:4      | Found a glowing drain.
  2983 | Sewer    | Entered a sewer
  3035 | Sewer    | Reached XP level 7. HP: 58/60 MP: 7/7
  3079 | Sewer    | Reached * piety under Beogh
  3305 | Sewer    | Reached skill level 8 in Axes
  3590 | D:4      | Identified the +6 quarterstaff of Talonwug {flame, *Rage
                  | rCorr Int+4}
  3623 | D:4      | Reached ** piety under Beogh
  3765 | D:4      | Reached skill level 9 in Axes
  3813 | D:4      | Found a stormy altar of Qazlal.
  4156 | D:5      | Entered Level 5 of the Dungeon
  4166 | D:5      | HP: 2/60 [centaur/arrow (6)]
  4168 | D:4      | Killed from afar by an orc wizard

Illustrated notes

Levels and vault maps discovered:
D:1:      dpeg_arrival_pond, layout_rooms, hellmonk_ecumenical_altar_run_dry
D:2:      layout_basic, grunt_decor_one_mirror, minmay_fractal_squares_5
D:3:      layout_basic, mainiacjoe_overflow_brackets, gammafunk_ghost_grave,
          minmay_misc_feat_tiny, uniq_grinder
D:4:      layout_basic, general_overflow_altar, portal_sewer_entry_f,
          nicolae_concentric_dashed_squares_mild, hangedman_decor_push,
          sigmund_army
D:5:      layout_rooms, minmay_manual_macuahuitl

Skill      XL: |  1  2  3  4  5  6  7 |
---------------+----------------------+-----
Axes           | 3 4 6 7 9 |  9.1
Fighting       | 4 |  4.7
Armour         | 4 |  4.7
Invocations    | 1 2 |  2.3
Shields        | 4 |  4.1

Action                   |  1- 3 |  4- 6 |  7- 9 || total
-------------------------+-------+-------+-------++-------
Melee: War axe           |    93 |   133 |   156 ||   382
Invok: Convert to Beogh  |       |     1 |       ||     1
  Use: Scroll            |     2 |     8 |     1 ||    11
       Potion            |       |     1 |     2 ||     3
Armor: Scale mail        |    30 |       |       ||    30
       Ring mail         |     3 |    33 |    62 ||    98
       Skin              |       |       |     1 ||     1
Dodge: Dodged            |    70 |    92 |   129 ||   291
Block: Buckler           |    16 |    25 |    42 ||    83

Table legend: (Time is in decaauts)
 A = Elapsed time spent in this place.
 B = Non-inter-level travel time spent in this place.
 C = Inter-level travel time spent in this place.
 D = Time resting spent in this place.
 E = Time spent auto-exploring this place.
 F = Levels seen in this place.
 G = Mean time per level.
                   A        B        C        D        E       F      G
               +--------+--------+--------+--------+--------+-----+--------+
         Total |   4311 |   4184 |    127 |    314 |   2952 |   6 |  718.5 |
       Dungeon |   3862 |   3735 |    127 |    314 |   2724 |   5 |  772.4 |
         Sewer |    449 |    449 |      0 |      0 |    228 |   1 |  449.0 |
               +--------+--------+--------+--------+--------+-----+--------+

Top non-repeatable levels by time:
     D:3: 1704 daAuts
     D:4: 999 daAuts
     D:2: 692 daAuts
     D:1: 458 daAuts
   Sewer: 449 daAuts
     D:5: 8 daAuts
